 Dungeon Crawl Stone Soup version 0.29.0-7-g18a832c13a (webtiles) character file.

Game seed: 16108850745833989859

34323 sanka the Brawler (level 13, -19/146 HPs)
             Began as a Troll Cinder Acolyte on Aug 31, 2022.
             Was a High Priest of Okawaru.
             Demolished by an ironbound frostheart (26 damage)
             ... in an ice cave.
             The game lasted 00:29:04 (11838 turns).

sanka the Brawler (Troll Cinder Acolyte)           Turns: 11838, Time: 00:29:06

Health: -19/146    AC: 13    Str: 25    XL:     13   Next: 41%
Magic:  12/18      EV: 10    Int: 10    God:    Okawaru [*****.]
Gold:   1073       SH:  0    Dex:  9    Spells: 14/14 levels left

rFire   . . .      SeeInvis .     - Unarmed
rCold   . . .      Faith    .   (no shield)
rNeg    . . .      Spirit   .   Q - +0 steam dragon scales
rPois   .          Reflect  .   z - +1 hat
rElec   .          Harm     .   (no cloak)
rCorr   .          Rampage  .   (gloves unavailable)
Will    +....                   (boots unavailable)
Stlth   +++.......              I - amulet of regeneration
HPRegen 1.94/turn               u - +4 ring of protection
MPRegen 0.16/turn               C - ring of willpower

@: heroic, finesse-ful, frozen, very slow
A: large, unfitting armour, claws 3, regeneration 1, shaggy fur 1, tough skin 1
a: Renounce Religion, Heroism, Finesse, Duel


You were in an ice cave.
You worshipped Okawaru.
Okawaru was extremely pleased with you.
You visited 2 branches of the dungeon, and saw 15 of its levels.
You also visited: Ossuary and Ice Cave.

You collected 1865 gold pieces.
You spent 792 gold pieces at shops.


Innate Abilities, Weirdness & Mutations

You are too large for most types of armour.
You have claws for hands.
Your natural rate of healing is unusually fast.
You are covered in fur. (AC +1)
You have tough skin. (AC +1)


   Skills:
 - Level 14.2(19.2) Fighting
 + Level 16.2(21.2) Unarmed Combat
 - Level 1.0 Spellcasting
 - Level 2.1 Fire Magic
 + Level 9.0 Invocations


You had 14 spell levels left.
You didn't know any spells.
Your spell library contained the following spells:

 Spells                   Type           Power      Damage    Failure   Level
 Scorch                   Fire           8%         2d5       22%         2
 Beastly Appendage        Tmut           0%         N/A       34%         1
 Magic Dart               Conj           0%         1d3       34%         1
 Sandblast                Erth           0%         2d4       34%         1
 Passwall                 Tmut/Erth      0%         N/A       45%         2
 Wereblood                Tmut           0%         N/A       45%         2
 Mephitic Cloud           Conj/Pois/Air  0%         N/A       71%         3
 Spider Form              Tmut/Pois      0%         N/A       71%         3
 Stone Arrow              Conj/Erth      0%         3d7       71%         3
 Call Imp                 Summ           Unusable   N/A       N/A         2

Inventory:

Hand Weapons
 b - a +7 scimitar of flaming
 V - a +0 dagger of distortion
Missiles
 m - 6 large rocks (quivered) {=f}
 v - 13 curare-tipped darts {=f}
Armour
 i - the +0 robe of Netaqein {rC+ Archmagi} rC: It protects you from cold. Archmagi: It increases the power of your magical spells.
 l - a +1 cloak
 q - a +1 tower shield of cold resistance
 x - a +0 kite shield
 z - a +1 hat (worn)
 Q - +0 steam dragon scales (worn)
Magical Staves
 k - a staff of earth
Jewellery
 u - a +4 ring of protection (left claw)
 C - a ring of willpower (right claw)
 I - an amulet of regeneration (around neck)
 N - a ring of poison resistance
 U - a ring of see invisible
Wands
 w - a wand of flame (13)
 y - a wand of roots (3)
 P - a wand of digging (4)
 S - a wand of polymorph (22)
 W - a wand of paralysis (7)
Scrolls
 d - 3 scrolls of immolation {!r}
 e - a scroll of fear
 g - 3 scrolls of torment {!r}
 s - 6 scrolls of teleportation {@r4}
 t - 2 scrolls of magic mapping
 A - 2 scrolls of vulnerability {!r}
 F - 2 scrolls of enchant armour
 H - 3 scrolls of blinking
Potions
 a - 3 potions of mutation {unknown}
 c - 2 potions of magic {unknown}
 f - a potion of cancellation
 h - 9 potions of might
 j - 11 potions of curing {@q1}
 n - 7 potions of flight
 o - 4 potions of ambrosia {unknown}
 p - a potion of resistance {unknown}
 r - 6 potions of heal wounds {@q2}
 D - 6 potions of haste {@q3}
 E - 4 potions of lignification {unknown}
 G - a potion of brilliance {unknown}
 J - 3 potions of attraction {unknown}
 K - 2 potions of berserk rage {!q}
 R - a potion of invisibility {unknown}
 T - a potion of experience {unknown}

Dungeon Overview and Level Annotations

Branches:
Dungeon (14/15)            Temple (1/1) D:4            Lair (0/5) D:8
    Orc (0/2) D:10        Ossuary (visited)           IceCv (1/1)
 Vaults: D:13-14

Altars:
Ashenzari
Cheibriados
Dithmenos
Elyvilon
Fedhas
Gozag
Hepliaklqana
Kikubaaqudgha
Makhleb
Nemelex Xobeh
Okawaru
Qazlal
Ru
Sif Muna
Trog
Uskayaw
Vehumet
Wu Jian
Xom
Yredelemnul
Zin
The Shining One

Annotations:
D:8 exclusion: downstairs
D:10 exclusion: downstairs
D:13 2 runed translucent doors, Galthrax's ghost, journeyman KoHu

▒▒▒▒▒▒▒▒▒ ▒▒▒▒▒▒▒▒ ▒▒▒▒▒▒▒▒
▒....▒.~▒▒▒▒▒▒).T...▒▒ ▒▒..p[..▒
....▒÷▒▒~~▒▒..▒▒.p...▒▒▒▒..▒▒▒...
▒▒▒.▒▒▒▒▒~~~▒▒▒▒▒▒....▒...▒▒▒..⌠.
▒ ▒▒▒ ▒▒~~≈≈≈≈≈▒▒▒▒...▒▒▒ ▒▒...
▒▒▒▒ ▒≈≈≈≈≈≈≈▒▒▒ ▒▒▒▒▒▒▒ ▒..▒▒
..†▒▒▒ ▒≈≈≈≈≈≈≈▒▒.▒▒▒▒▒▒..▒▒▒▒..▒
.▒▒..▒▒▒≈≈≈≈≈≈≈≈≈..▒.▒..▒▒.▒..▒▒▒
..▒▒▒..▒≈≈≈≈≈≈≈≈▒.▒▒..▒▒▒▒▒.▒▒▒
..▒▒...▒▒≈≈≈≈≈≈▒.pp.▒▒▒ ▒▒▒


You could see an ironbound frostheart.


Message History

You mangle the frost giant!! You claw the frost giant!!
The frost giant is almost dead.
The frost giant hits you with a +2 battleaxe of freezing!!
* * * LOW HITPOINT WARNING * * *
The frost giant freezes you.
* * * LOW HITPOINT WARNING * * *
You mangle the frost giant!!
You kill the frost giant!
Okawaru accepts your kill.
Your Invocations skill increases to level 9!
Unknown command.
The ironbound frostheart calls freezing cold from the walls.
The frost grips you!
* * * LOW HITPOINT WARNING * * *
The ironbound frostheart calls freezing cold from the walls.
The frost grips you!!
* * * LOW HITPOINT WARNING * * *
You are encased in ice.
You claw the ironbound frostheart!
The ironbound frostheart is lightly wounded.
You barely miss the ironbound frostheart.
You claw the ironbound frostheart.
The ironbound frostheart is lightly wounded.
You eviscerate the ironbound frostheart!!!
The ironbound frostheart is almost dead.
The ironbound frostheart touches you!
* * * LOW HITPOINT WARNING * * *
The ironbound frostheart freezes you!!
You die...

Action                   |  1- 3 |  4- 6 |  7- 9 | 10-12 | 13-15 || total
-------------------------+-------+-------+-------+-------+-------++-------
Melee: Unarmed           |    91 |   139 |   284 |   468 |    81 ||  1063
       Punch             |       |     2 |    15 |    42 |    14 ||    73
       Scimitar          |       |       |       |     7 |       ||     7
Throw: Dart              |       |       |       |     4 |       ||     4
       Large rock        |       |       |       |     2 |       ||     2
Invok: Fiery Armour      |       |       |     1 |     2 |       ||     3
       Heroism           |       |       |       |    11 |     3 ||    14
       Finesse           |       |       |       |       |     1 ||     1
Evoke: Wand              |       |       |       |     5 |       ||     5
  Use: Scroll            |       |       |    12 |    10 |       ||    22
       Potion            |       |       |       |     1 |     1 ||     2
Armor: Robe              |    30 |    39 |   103 |    16 |       ||   188
       Steam dragon scal |       |       |       |   246 |    31 ||   277
Dodge: Dodged            |    41 |    52 |   103 |   233 |    15 ||   444

Levels and vault maps discovered:
D:1:      wheals_arrival_linesprint, layout_rooms,
          ebering_ecumenical_altar_mist, lemuel_flame_loot_1
D:2:      layout_basic, minmay_crystal_water, minmay_heptomino_d4
D:3:      layout_rooms, gammafunk_temple_overflow_pools,
          kennysheep_generic_room_10
D:4:      layout_basic, minmay_temple_entry_water_ring
D:5:      layout_cave_pods, kennysheep_boxes, uniq_ijyb, uniq_edmund,
          uniq_blork_the_orc
D:6:      layout_rooms, serial_shops, nicolae_stop_n_shop_1, enter_ossuary_2,
          uniq_sigmund, uniq_prince_ribbit1
D:7:      layout_gridville
D:8:      layout_loops_ring, marbit_many_paths, grunt_lair_entry_orc_guard_hut,
          guppyfry_early_elven_hall, uniq_psyche, uniq_erica
D:9:      layout_gridville, kennysheep_cross_room
D:10:     layout_gridville, david_orc_2, feat_on_display, uniq_sonja
D:11:     layout_small_grid, uniq_nergalle, uniq_gastronok
D:12:     layout_rooms, kiku_gazebo_pond_becter
D:13:     layout_long_grid, ebering_ghost_disaster_area
D:14:     layout_basic, lightli_vaults_fourway_checkpoint, nrook_mini_backslash,
          portal_ice_cave_entry_ice_statue_two, palyth_stone_intersect
Temple:   hellmonk_temple_of_storms
IceCv:    ice_cave_caverns_02

Notes
Turn   | Place    | Note
-------+----------+-------------------------------------------
     0 | D:1      | sanka the Troll Cinder Acolyte began the quest for the Orb.
     0 | D:1      | Reached XP level 1. HP: 22/22 MP: 1/1
    48 | D:1      | Found a faded altar of an unknown god.
    63 | D:1      | Reached XP level 2. HP: 27/29 MP: 2/2
   253 | D:1      | Reached skill level 4 in Unarmed Combat
   266 | D:1      | Reached XP level 3. HP: 34/36 MP: 3/3
   661 | D:1      | gold behind flames
   756 | D:2      | Reached XP level 4. HP: 41/44 MP: 4/4
   862 | D:2      | Reached skill level 5 in Unarmed Combat
  1648 | D:3      | Reached XP level 5. HP: 50/50 MP: 5/5
  1675 | D:3      | Found a glowing golden altar of the Shining One.
  1676 | D:3      | Found a shimmering altar of Xom.
  1678 | D:3      | Reached skill level 6 in Unarmed Combat
  2005 | D:4      | Noticed an ogre
  2013 | D:4      | Killed an ogre
  2014 | D:4      | Reached XP level 6. HP: 17/59 MP: 6/6
  2069 | D:4      | Reached skill level 7 in Unarmed Combat
  2126 | D:4      | Reached skill level 8 in Unarmed Combat
  2267 | D:4      | Found a staircase to the Ecumenical Temple.
  2288 | Temple   | Entered the Ecumenical Temple
  2675 | D:4      | Reached XP level 7. HP: 38/66 MP: 7/7
  2736 | D:5      | Entered Level 5 of the Dungeon
  2737 | D:5      | Noticed Blork the orc
  2750 | D:5      | Killed Blork the orc
  2925 | D:5      | Reached skill level 9 in Unarmed Combat
  3063 | D:5      | Noticed Edmund
  3075 | D:5      | Killed Edmund
  3085 | D:5      | Noticed Ijyb
  3128 | D:5      | Killed Ijyb
  3129 | D:5      | Reached XP level 8. HP: 57/74 MP: 8/8
  3216 | D:5      | Reached skill level 10 in Unarmed Combat
  3671 | D:6      | Noticed Prince Ribbit
  3679 | D:6      | Killed Prince Ribbit
  3742 | D:6      | Found Zerph's Distillery.
  3747 | D:6      | Reached skill level 3 in Fighting
  3755 | D:6      | Bought a potion of heal wounds for 60 gold pieces
  3755 | D:6      | Bought a potion of haste for 120 gold pieces
  3811 | D:6      | Found a sand-covered staircase.
  3829 | Ossuary  | Entered an ossuary
  3864 | Ossuary  | Reached skill level 11 in Unarmed Combat
  3930 | Ossuary  | Reached skill level 4 in Fighting
  4050 | Ossuary  | Reached XP level 9. HP: 82/84 MP: 9/9
  4234 | D:6      | Noticed Sigmund
  4249 | D:6      | Killed Sigmund
  4434 | D:6      | Reached skill level 5 in Fighting
  4649 | D:7      | Reached skill level 12 in Unarmed Combat
  4665 | D:7      | Reached skill level 6 in Fighting
  4878 | D:7      | Reached skill level 7 in Fighting
  4903 | D:7      | Identified a scroll of acquirement
  4904 | D:7      | Acquired 943 gold pieces
  4950 | D:6      | Bought a potion of berserk rage for 60 gold pieces
  4950 | D:6      | Bought a potion of cancellation for 96 gold pieces
  4950 | D:6      | Bought a potion of curing for 36 gold pieces
  4950 | D:6      | Bought a potion of degeneration for 12 gold pieces
  4950 | D:6      | Bought 2 potions of haste for 240 gold pieces
  4950 | D:6      | Bought 2 potions of might for 96 gold pieces
  4950 | D:6      | Bought a potion of flight for 36 gold pieces
  4950 | D:6      | Bought a potion of curing for 36 gold pieces
  4994 | D:8      | Noticed Erica
  5009 | D:8      | Killed Erica
  5010 | D:8      | Reached XP level 10. HP: 52/104 MP: 10/10
  5143 | D:8      | Reached skill level 8 in Fighting
  5233 | D:8      | Noticed Psyche
  5237 | D:8      | Killed Psyche
  5238 | D:8      | Reached skill level 1 in Invocations
  5359 | D:8      | Reached skill level 2 in Invocations
  5425 | D:8      | Noticed a deep elf zephyrmancer
  5430 | D:8      | Killed a deep elf zephyrmancer
  5534 | D:8      | Identified +0 steam dragon scales
  5700 | D:8      | Reached skill level 3 in Invocations
  5701 | D:8      | Found a staircase to the Lair.
  5751 | D:8      | Found a sparkling altar of Nemelex Xobeh.
  5979 | Temple   | Fell from the grace of Ignis
  5979 | Temple   | Became a worshipper of Warmaster Okawaru
  6210 | D:9      | Acquired a manual of Fighting
  6245 | D:9      | Identified +0 steam dragon scales
  6370 | D:9      | Reached skill level 9 in Fighting
  7153 | D:10     | Entered Level 10 of the Dungeon
  7210 | D:10     | Noticed Sonja
  7221 | D:10     | Killed Sonja
  7221 | D:10     | Reached * piety under Okawaru
  7222 | D:10     | Reached skill level 4 in Invocations
  7252 | D:10     | Reached skill level 13 in Unarmed Combat
  7252 | D:10     | Reached XP level 11. HP: 100/115 MP: 13/13
  7316 | D:10     | Reached ** piety under Okawaru
  7459 | D:11     | Reached skill level 10 in Fighting
  7630 | D:11     | Reached *** piety under Okawaru
  7741 | D:13     | Noticed a white ugly thing
  7742 | D:13     | Found a large runed translucent door.
  7742 | D:13     | Found a large runed translucent door.
  7748 | D:12     | Reached skill level 11 in Fighting
  8041 | D:11     | Was forgiven by Ignis
  8251 | D:10     | Found a staircase to the Orcish Mines.
  8291 | D:10     | Reached **** piety under Okawaru
  8292 | D:10     | Reached skill level 14 in Unarmed Combat
  8738 | D:11     | Noticed a boulder beetle
  8752 | D:11     | Killed a boulder beetle
  8773 | D:11     | Noticed Nergalle
  8786 | D:11     | Killed Nergalle
  8950 | D:11     | Noticed Gastronok
  8960 | D:11     | Killed Gastronok
  8961 | D:11     | Reached skill level 12 in Fighting
  8961 | D:11     | Reached skill level 5 in Invocations
  9080 | D:11     | Noticed a boulder beetle
  9102 | D:11     | Killed a boulder beetle
  9102 | D:11     | Reached ***** piety under Okawaru
  9103 | D:11     | Reached XP level 12. HP: 114/133 MP: 13/15
  9570 | D:12     | Found an ancient bone altar of Kikubaaqudgha.
  9684 | D:13     | Noticed Galthrax's ghost (journeyman KoHu)
  9841 | D:13     | Noticed a two-headed ogre
  9854 | D:13     | Killed a two-headed ogre
  9871 | D:13     | Noticed a centaur warrior
  9883 | D:13     | Killed a centaur warrior
 10006 | D:13     | Noticed a centaur warrior
 10028 | D:13     | Noticed a seven-headed hydra
 10037 | D:12     | Killed a centaur warrior
 10038 | D:12     | Reached skill level 6 in Invocations
 10175 | D:13     | Killed a four-headed hydra
 10180 | D:13     | Reached skill level 13 in Fighting
 10708 | D:14     | Noticed a centaur warrior
 10724 | D:14     | Killed a centaur warrior
 10788 | D:14     | Found a frozen archway.
 10803 | D:14     | Reached skill level 15 in Unarmed Combat
 10888 | IceCv    | Entered an ice cave
 10948 | IceCv    | Reached skill level 7 in Invocations
 10997 | IceCv    | Identified a +3 leather armour of resistance
 11042 | IceCv    | Identified the +0 robe of Netaqein {rC+ Archmagi} (Okawaru
                  | gifted it to you in an ice cave)
 11042 | IceCv    | Received a gift from Okawaru
 11293 | IceCv    | Reached skill level 14 in Fighting
 11324 | IceCv    | Reached XP level 13. HP: 121/146 MP: 14/17
 11360 | IceCv    | Reached skill level 8 in Invocations
 11511 | IceCv    | Reached skill level 16 in Unarmed Combat
 11660 | IceCv    | Noticed a white draconian
 11669 | IceCv    | Killed a white draconian
 11673 | IceCv    | Received a gift from Okawaru
 11788 | IceCv    | Noticed a frost giant
 11833 | IceCv    | Killed a frost giant
 11834 | IceCv    | Reached skill level 9 in Invocations
 11835 | IceCv    | HP: 12/146 [ironbound frostheart/creeping frost (28)]
 11838 | IceCv    | Demolished by an ironbound frostheart

Vanquished Creatures
  Gastronok (D:11)
  A frost giant (IceCv)
  A white draconian (IceCv)
  2 boulder beetles (D:11)
  A hydra (D:13)
  A two-headed ogre (D:13)
  3 centaur warriors
  Erica (D:8)
  An ironbound frostheart (IceCv)
  Sonja (D:10)
  Nergalle (D:11)
  An orange crystal statue (IceCv)
  8 ugly things
  A deep elf zephyrmancer (D:8)
  A manticore (D:11)
  2 ice statues (D:14)
  A kobold demonologist (D:10)
  2 gargoyles (D:12)
  21 rime drakes (IceCv)
  Psyche (D:8)
  3 meliai
  13 polar bears (IceCv)
  4 trolls
  Prince Ribbit (D:6)
  Sigmund (D:6)
  3 shadows
  2 wyverns
  2 vampires
  6 fire elementals
  7 yaks
  4 wraiths
  4 vampire mosquitoes (D:12)
  2 steam dragons
  Edmund (D:5)
  2 water moccasins
  4 black bears
  5 orc warriors
  An ice beast (D:7)
  2 sky beasts
  An ogre (D:4)
  13 centaurs
  A phantom (D:4)
  4 kobold brigands
  Blork the orc (D:5)
  3 bullfrogs
  7 scorpions
  13 wights
  3 water moccasin zombies (Ossuary)
  A wyvern zombie (Ossuary)
  3 howler monkeys
  6 bullfrog zombies (Ossuary)
  3 centaur zombies (Ossuary)
  A lava snake (D:9)
  4 orc priests
  4 hounds
  2 iguanas
  9 orc wizards
  Ijyb (D:5)
  5 killer bee zombies (Ossuary)
  10 mummies (Ossuary)
  A gnoll (D:1)
  7 adders
  2 worms
  46 orcs
  5 endoplasms
  4 giant cockroaches
  12 goblins
  10 hobgoblins
  3 jackals (D:1)
  2 quokkas
  8 ball pythons
  5 bats
  6 frilled lizards
  18 kobolds
  5 rats
348 creatures vanquished.

Vanquished Creatures (others)
  16 fungi (D:8)
  15 plants (D:8)
  7 withered plants (Ossuary)
38 creatures vanquished.

Grand Total: 386 creatures vanquished
